 Dungeon Crawl Stone Soup version 0.31-a0-702-gf82c85558f (webtiles) character file.

Game seed: 9364954166399435054

17 qw the Shooter (level 2, -3/17 HPs)
             Began as a Gargoyle Hunter on Sept 7, 2023.
             Slain by a hobgoblin (4 damage)
             ... on level 1 of the Dungeon.
             The game lasted 00:00:13 (417 turns).

qw the Shooter (Gargoyle Hunter)                     Turns: 417, Time: 00:00:14

Health: -3/17      AC:  5    Str: 14    XL:     2   Next: 62%
Magic:  2/2        EV: 11    Int:  9    God:
Gold:   37         SH:  0    Dex: 13    Spells: 1/1 levels left

rFire   . . .        a - +0 shortbow
rCold   . . .        (shield currently unavailable)
rNeg    + . .        c - +0 leather armour
rPois   inf          (no helmet)
rElec   +            (no cloak)
rCorr   .            (no gloves)
SInv    .            (no boots)
Will    .....        (no amulet)
Stlth   +            (no ring)
HPRegen 0.22/turn    (no ring)
MPRegen 0.08/turn

%: no passive effects
@: no status effects
A: sickness immunity, AC +2, negative energy resistance 1, electricity
resistance, torment resistance 1, petrification resistance
a: no special abilities


You were on level 1 of the Dungeon.
You visited 1 branch of the dungeon, and saw 1 of its levels.

You collected 37 gold pieces.


Innate Abilities, Weirdness & Mutations

You are immune to sickness and miasma.
Your stone body is resilient. (AC +2)
You are immune to poison.
You resist negative energy. (rN+)
You are resistant to electric shocks. (rElec)
You are resistant to unholy torment.
You are immune to petrification.


   Skills:
 - Level 2.1 Fighting
 + Level 4.7 Ranged Weapons
 - Level 1.5 Dodging
 - Level 1.1 Stealth


You had one spell level left.
You didn't know any spells.
Your spell library was empty.

Inventory:

Hand Weapons
 a - a +0 shortbow (weapon)
Armour
 c - a +0 leather armour (worn)
 g - a +0 pair of boots
Scrolls
 b - a scroll of butterflies
 d - a scroll of revelation {unknown}
 e - 3 scrolls of identify {unknown}
Potions
 f - a potion of heal wounds {unknown}

Dungeon Overview and Level Annotations

Branches:
Dungeon (1/15)

Altars:


Message History

You shoot an arrow. The arrow barely misses the bat.
The bat hits you.
The hobgoblin hits you but does no damage.
You shoot an arrow. The arrow barely misses the hobgoblin.
The bat hits you but does no damage. The hobgoblin barely misses you.
The hobgoblin hits you.
You shoot an arrow. The arrow hits the bat.
The bat is moderately wounded.
The bat hits you but does no damage. The bat closely misses you.
The hobgoblin hits you but does no damage.
The endoplasm freezes you.
You are frozen.
You shoot an arrow. The arrow misses the bat.
The bat barely misses you. The bat closely misses you.
The bat barely misses you. The endoplasm barely misses you.
The hobgoblin barely misses you.
You shoot an arrow. The arrow closely misses the bat.
The bat barely misses you. The endoplasm freezes you.
You are frozen.
The hobgoblin closely misses you.
You shoot an arrow.
The arrow hits the endoplasm but does no damage.
The bat barely misses you. The hobgoblin hits you.
The endoplasm closely misses you. The bat closely misses you.
You shoot an arrow. The arrow hits the bat.
The bat is moderately wounded.
The bat hits you but does no damage. x2; The endoplasm closely misses you.
The hobgoblin hits you. The bat hits you but does no damage.
The endoplasm freezes you.
You are frozen.
The hobgoblin closely misses you.
You shoot an arrow. The arrow hits the bat!
You kill the bat!
The endoplasm hits you. The hobgoblin closely misses you.
You shoot an arrow. The arrow hits the endoplasm.
The endoplasm is almost dead.
The endoplasm hits you. The hobgoblin closely misses you.
You shoot an arrow. The arrow hits the endoplasm.
You kill the endoplasm!
The hobgoblin hits you.
You die...

. #..>.......# #.
#.##.......#
####.#####.##........
#..........##........
#.##.#.##########.##.
#.#.####### .#
#....)....# #
#.##.#.###.#.#
#....g@# ####.#..#
#.##.# # .) ... .##%
## .# #


You could see a hobgoblin.

Vanquished Creatures
  2 ball pythons (D:1)
  3 endoplasms (D:1)
  2 giant cockroaches (D:1)
  4 bats (D:1)
  4 frilled lizards (D:1)
  A goblin (D:1)
  3 kobolds (D:1)
19 creatures vanquished.

Notes
Turn   | Place    | Note
-------+----------+-------------------------------------------
     0 | D:1      | qw the Gargoyle Hunter began the quest for the Orb.
     0 | D:1      | Reached XP level 1. HP: 12/12 MP: 1/1
     0 | D:1      | 0 ||| qw: Version: 0.3-a-76-g4403597
     0 | D:1      | 0 ||| qw: Game counter: 763
     0 | D:1      | 0 ||| qw: Melee chars always use a shield: true
     0 | D:1      | 0 ||| qw: God list: Okawaru
     0 | D:1      | 0 ||| qw: Allow faded altars: false
     0 | D:1      | 0 ||| qw: Do Orc after clearing Dungeon:15 true
     0 | D:1      | 0 ||| qw: Do second Lair branch before Depths: true
     0 | D:1      | 0 ||| qw: Lair rune preference: random
     0 | D:1      | 0 ||| qw: Goals: Normal
     0 | D:1      | 0 ||| PLANNING D:1-11
   151 | D:1      | Reached XP level 2. HP: 17/17 MP: 2/2
   414 | D:1      | HP: 4/17 [hobgoblin (4)]
   415 | D:1      | HP: 1/17 [endoplasm (1)]
   417 | D:1      | Slain by a hobgoblin

Levels and vault maps discovered:
D:1:      matt_arrival_refuge, layout_loops_cross

Action                     || total
---------------------------++-------
   Fire: Shortbow          ||    68
 Armour: Leather armour    ||    36
  Dodge: Dodged            ||    37

Table legend:
 A = Non-vault XP
 B = Vault XP
 C = Vault XP percentage of total XP
 D = Non-vault monster count
 E = Vault monster count
 F = Vault count percentage of total count
                 A         B        C        D         E       F
            +---------+---------+-------+---------+---------+-------
      Total |      27 |       0 |   0.0 |      19 |       0 |   0.0
            +---------+---------+-------+---------+---------+-------
        D:1 |      27 |       0 |   0.0 |      19 |       0 |   0.0
            +---------+---------+-------+---------+---------+-------
